 Dungeon Crawl Stone Soup version 0.29.1-15-g9cfb28693d (webtiles) character file.

Game seed: 2981640447140850599

1465 Gabide the Destroyer (level 8, 0/61 HPs)
             Began as a Demigod Conjurer on Mar 8, 2023.
             Slain by Merkmiralles's ghost (2 damage)
             ... on level 5 of the Dungeon.
             The game lasted 00:16:13 (6330 turns).

Gabide the Destroyer (Demigod Conjurer)             Turns: 6330, Time: 00:16:13

Health: 0/61       AC:  7    Str:  8    XL:     8   Next: 24%
Magic:  0/19       EV: 12    Int: 28    God:
Gold:   245        SH:  0    Dex: 12    Spells: 14/17 levels left

rFire   . . .      SeeInvis .   a - +1 lajatang
rCold   . . .      Faith    .   (shield currently unavailable)
rNeg    + . .      Spirit   .   h - +1 robe {rN+}
rPois   .          Reflect  .   k - +0 helmet
rElec   .          Harm     .   j - +0 cloak
rCorr   .          Rampage  .   w - +1 pair of gloves
Will    .....                   (no boots)
Stlth   ++........              (no amulet)
HPRegen 0.20/turn               (no ring)
MPRegen 0.16/turn               (no ring)

@: no status effects
A: high MP 1, forlorn, divine attributes
a: no special abilities


You were on level 5 of the Dungeon.
You visited 1 branch of the dungeon, and saw 5 of its levels.

You collected 245 gold pieces.

Inventory:

Hand Weapons
 a - a +1 lajatang (weapon)
Missiles
 p - 2 datura-tipped darts
 x - 5 atropa-tipped darts
Armour
 e - a +2 robe of willpower
 h - a +1 robe of positive energy (worn)
 j - a +0 cloak (worn)
 k - a +0 helmet (worn)
 w - a +1 pair of gloves (worn)
Wands
 b - a wand of roots (7)
 C - a wand of digging (1)
Scrolls
 l - a scroll of vulnerability {unknown}
 z - 4 scrolls of teleportation
Potions
 c - a potion of heal wounds
 d - a potion of resistance
 f - 2 potions of might {unknown}
 g - a potion of curing
 i - a potion of brilliance {unknown}
 m - 2 potions of cancellation
 n - 2 potions of haste
 q - a potion of mutation {unknown}
 r - a potion of attraction {unknown}
 s - a potion of berserk rage {unknown}
 t - a potion of magic
 u - a potion of flight {unknown}


   Skills:
 - Level 2.0 Fighting
 - Level 2.0(2.2) Maces & Flails
 - Level 1.4(2.0) Staves
 - Level 2.0 Dodging
 - Level 1.7 Stealth
 + Level 5.2 Spellcasting
 - Level 8.0 Conjurations


You had 14 spell levels left.
You knew the following spells:

 Your Spells              Type           Power      Damage    Failure   Level
a - Magic Dart            Conj           100%       1d8       1%          1
b - Searing Ray           Conj           100%       2d8       1%          2

Your spell library contained the following spells:

 Spells                   Type           Power      Damage    Failure   Level
 Dazzling Flash           Conj/Hex       58%        N/A       3%          3
 Scorch                   Fire           14%        2d6       10%         2
 Flame Wave               Conj/Fire      29%        2d9       13%         4
 Fulminant Prism          Conj/Hex       14%        3d9       13%         4
 Iskenderun's Mystic Bla  Conj/Tloc      29%        2d7       13%         4
 Portal Projectile        Hex/Tloc       14%        N/A       21%         3
 Tukima's Dance           Hex            7%         N/A       21%         3
 Blade Hands              Tmut           3%         N/A       88%         5
 Summon Cactus Giant      Summ           3%         N/A       100%        6


Dungeon Overview and Level Annotations

Branches:
Dungeon (5/15)             Temple (0/1) D:5

Shops:
D:4 [

Annotations:
D:5 1 runed translucent door, Grinder; Merkmiralles's ghost, novice MiBe


Innate Abilities, Weirdness & Mutations

You have an increased reservoir of magic. (+10% MP)
You shall have no god before yourself.
Your divine heritage dramatically boosts your attributes as you level up.


Message History

Merkmiralles's ghost hits you but does no damage.
Casting: Searing Ray (safe; 1% risk of failure)
Confirm with . or Enter, or press ? or * to list all spells.
Aiming: Searing Ray (safe; 1% risk of failure)
Press: ? - help, Shift-Dir - straight line, f/p - Merkmiralles's ghost
Aim: Merkmiralles's ghost, wielding a weapon of flaming (severely damaged, 85% to hit)
The searing ray hits Merkmiralles's ghost.
Merkmiralles's ghost is almost destroyed. (Press . to maintain the ray.) Merkmiralles's ghost hits you!
Merkmiralles's ghost burns you.
The searing ray hits Merkmiralles's ghost but does no damage.
Merkmiralles's ghost is almost destroyed.
Merkmiralles's ghost closely misses you.
The searing ray hits Merkmiralles's ghost but does no damage.
Merkmiralles's ghost is almost destroyed.
Merkmiralles's ghost closely misses you.
The searing ray hits Merkmiralles's ghost but does no damage.
Merkmiralles's ghost is almost destroyed.
You finish channelling your searing ray.
Merkmiralles's ghost misses you.
Casting: Searing Ray (safe; 1% risk of failure)
Confirm with . or Enter, or press ? or * to list all spells.
Aiming: Searing Ray (safe; 1% risk of failure)
Press: ? - help, Shift-Dir - straight line, f/p - Merkmiralles's ghost
Aim: Merkmiralles's ghost, wielding a weapon of flaming (almost destroyed, 85% to hit)
The searing ray hits Merkmiralles's ghost but does no damage.
Merkmiralles's ghost is almost destroyed. (Press . to maintain the ray.) Merkmiralles's ghost hits you but does no damage.
The searing ray hits Merkmiralles's ghost.
Merkmiralles's ghost is almost destroyed.
Merkmiralles's ghost hits you!
* * * LOW HITPOINT WARNING * * *
Merkmiralles's ghost burns you.
* * * LOW HITPOINT WARNING * * *
Without enough magic to sustain it, your searing ray dissipates.
Merkmiralles's ghost hits you!
* * * LOW HITPOINT WARNING * * *
Merkmiralles's ghost burns you.
You die...

....##...#...[...#..##
#....#
.#######.#.......#.##
###.## .........#########.#
#.# ########...........#
#.# .##########........####
#.# ..##..# ##...###....#
#.# #.....# ###........#
#.# ..###.########...#....#
#.# #####.#........#@######
#.# ........########W# ##.#
#####.### ##.# #..# ####..#
#..# #.## ..##.## ##.## #.#
#..#.### ####..#########.#
##.....## #....#.......##.#
###..#..###)####.......##.#
....###...).#......S...##.#


You could see Merkmiralles's ghost.

Vanquished Creatures
  Pikel (D:5)
  Sigmund (D:5)
  A black bear (D:5)
  3 lemures (D:5)
  Blork the orc (D:5)
  A necrophage (D:5)
  A hound (D:5)
  A jelly (D:5)
  A gnoll bouda (D:5)
  2 orc priests
  Jessica (D:2)
  2 iguanas
  Ijyb (D:3)
  Terence (D:2)
  Natasha (thrice) (D:4)
  2 orc wizards (D:5)
  Robin (D:2)
  6 adders
  5 gnolls (D:5)
  An ufetubus (D:5)
  A worm (D:2)
  13 orcs
  5 ball pythons
  5 bats
  7 endoplasms
  5 giant cockroaches
  11 goblins
  7 hobgoblins
  5 quokkas
  3 frilled lizards
  4 kobolds
  5 rats
107 creatures vanquished.

Notes
Turn   | Place    | Note
-------+----------+-------------------------------------------
     0 | D:1      | Gabide the Demigod Conjurer began the quest for the Orb.
     0 | D:1      | Reached XP level 1. HP: 14/14 MP: 5/5
   395 | D:1      | Reached XP level 2. HP: 20/20 MP: 5/8
  1473 | D:2      | Noticed Terence
  1815 | D:2      | Reached XP level 3. HP: 26/26 MP: 8/10
  1827 | D:2      | Noticed Robin
  1840 | D:2      | Killed Robin
  2063 | D:2      | Noticed Jessica
  2066 | D:2      | Killed Jessica
  2067 | D:2      | Reached XP level 4. HP: 33/33 MP: 7/12
  2132 | D:2      | Learned a level 2 spell: Searing Ray
  2206 | D:2      | Killed Terence
  2380 | D:3      | Noticed Ijyb
  2381 | D:3      | Paralysed by Ijyb for 3 turns
  2385 | D:3      | Paralysed by Ijyb for 5 turns
  2399 | D:3      | Paralysed by Ijyb for 5 turns
  2405 | D:3      | Killed Ijyb
  2406 | D:3      | Reached skill level 4 in Conjurations
  2595 | D:3      | Reached skill level 1 in Fighting
  2598 | D:3      | Reached XP level 5. HP: 38/41 MP: 8/14
  3602 | D:4      | Reached skill level 1 in Maces & Flails
  3637 | D:4      | Noticed Natasha
  3641 | D:4      | Killed Natasha
  3722 | D:4      | Noticed Natasha
  3726 | D:4      | Killed Natasha
  3801 | D:4      | Noticed Natasha
  3805 | D:4      | Killed Natasha
  3806 | D:4      | Reached skill level 1 in Staves
  3873 | D:4      | Reached XP level 6. HP: 38/48 MP: 7/15
  3938 | D:4      | Found Fatoda's Armour Emporium.
  4468 | D:5      | Entered Level 5 of the Dungeon
  4648 | D:5      | Found a runed translucent door.
  4649 | D:5      | Noticed Merkmiralles's ghost (novice MiBe)
  4679 | D:5      | Found a staircase to the Ecumenical Temple.
  4715 | D:5      | Reached skill level 5 in Conjurations
  4977 | D:5      | Reached XP level 7. HP: 55/55 MP: 13/16
  5080 | D:5      | Noticed Blork the orc
  5085 | D:5      | Killed Blork the orc
  5086 | D:5      | Reached skill level 6 in Conjurations
  5591 | D:5      | Found a runed translucent door.
  5633 | D:5      | Noticed Sigmund
  5644 | D:5      | Killed Sigmund
  5645 | D:5      | Reached skill level 7 in Conjurations
  5779 | D:5      | Noticed Pikel
  5781 | D:5      | Noticed Grinder
  5796 | D:5      | Killed Pikel
  5797 | D:5      | Reached skill level 8 in Conjurations
  5797 | D:5      | Reached skill level 5 in Spellcasting
  5797 | D:5      | Reached XP level 8. HP: 25/61 MP: 0/19
  6330 | D:5      | HP: 2/61 [Merkmiralles's ghost (9)]
  6330 | D:5      | Slain by Merkmiralles's ghost

Illustrated notes

Levels and vault maps discovered:
D:1:      amcnicky_arrival_flooded_fountain, layout_basic
D:2:      layout_loops_corners, chequers_ecumenical_altar_island, uniq_robin,
          uniq_jessica, uniq_terence
D:3:      layout_loops_corners, uniq_ijyb
D:4:      layout_cave_pools, nemelex_spade_bored_becter, serial_shops,
          shop_fountains, uniq_natasha
D:5:      layout_rooms, mainiacjoe_overflow_paths, grunt_gozag_breadcrumbs,
          lemuel_tele_altar, minmay_temple_entry_trees, ebering_ghost_sewer_f,
          minivault_14, uniq_blork_the_orc, uniq_pikel, uniq_grinder,
          uniq_sigmund

Skill      XL: |  1  2  3  4  5  6  7 |
---------------+----------------------+-----
Spellcasting   | 2 3 4 5 |  5.2
Conjurations   | 4 5 8 |  8.0
Fighting       | 1 2 |  2.0
Dodging        | 2 |  2.0
Maces & Flails | 2 |  2.0
Staves         | 1 |  1.4
Stealth        | |  1.7

Action                   |  1- 3 |  4- 6 |  7- 9 || total
-------------------------+-------+-------+-------++-------
Melee: Unarmed           |     6 |       |       ||     6
       Punch             |     1 |       |       ||     1
       Club              |       |    12 |       ||    12
       Lajatang          |       |     3 |     8 ||    11
Throw: Dart              |       |       |     4 ||     4
 Cast: Magic Dart        |    70 |    96 |    17 ||   183
       Searing Ray       |       |    17 |    21 ||    38
Evoke: Wand              |       |       |     2 ||     2
  Use: Scroll            |     3 |    10 |     1 ||    14
       Potion            |       |       |     1 ||     1
Armor: Robe              |     3 |    12 |    11 ||    26
Dodge: Dodged            |     5 |    14 |    22 ||    41
